BlackHawks vs Avalanche

Created - 27 novembre 2020 at 20:48

Goals
1 2 3 T
BlackHawks 0 1 0 1
Avalanche 0 2 0 2
Shots
1 2 3 T
BlackHawks 16 15 7 38
Avalanche 5 9 13 27

1st period

No Goal

Penalties :
Noah Juulsen (COL) for Hooking (Minor) at 9:12

2nd period

1. BlackHawks , Jaden Schwartz 8 (Anze Kopitar 15, Kyle Palmieri 7) at 7:22
2. Avalanche , Dylan Strome 6 (Ryan Dzingel 3, Adam Fox 5) at 12:13 (PP)
3. Avalanche , Chris Tanev 4 (Adam Fox 6) at 16:52 (PP)

Penalties :
Jared McCann (CHI) for High sticking (Minor) at 4:57, Justin Faulk (CHI) for Tripping (Minor) at 11:59, Adam Larsson (CHI) for Tripping (Minor) at 16:00, Jake McCabe (COL) for Interference (Minor) at 18:29

3rd period

No Goal

Penalties :
Jaden Schwartz (CHI) for Slashing (Minor) at 15:08, Erik Johnson (CHI) for Hooking (Minor) at 19:19

Goalie Stats

Jake Allen (CHI), 25 saves from 27 shots - (0,926), L, 1-2-0, 60:00 minutes
Frederik Andersen (COL), 37 saves from 38 shots - (0,974), W, 7-4-0, 60:00 minutes

Players Stats for BlackHawks

Player Name              G  A  P  +/- PIM S  H  SB GA TA FO     MP     PP MP  PK MP  
------------------------------------------------------------------------------------
Adam Larsson             0  0  0   0  2   5  2  1  0  0  0/0    20:26   1:14   2:47 
Anze Kopitar             0  1  1   1  0   6  1  0  0  0  14/23  20:06   2:44   0:00 
Brandon Carlo            0  0  0   0  0   0  2  0  0  0  0/0    15:46   0:00   2:27 
Curtis Lazar             0  0  0   0  0   0  3  0  0  0  4/7     6:30   0:00   0:00 
Denis Malgin             0  0  0   0  0   0  1  0  0  0  0/0     6:30   0:00   0:00 
Erik Johnson             0  0  0   1  2   1  5  0  0  0  0/0    26:05   2:44   2:49 
Ivan Barbashev           0  0  0   0  0   1  0  0  0  0  0/2     7:43   0:00   1:13 
Jaden Schwartz           1  0  1   1  2   2  3  0  0  0  0/1    20:11   2:44   0:06 
Jake Virtanen            0  0  0   0  0   0  0  1  0  0  0/1    12:15   0:00   1:22 
Jared McCann             0  0  0   0  2   1  0  0  0  0  9/17   10:52   0:00   0:00 
John Marino              0  0  0   0  0   2  0  2  0  0  0/0    14:33   1:14   0:00 
Justin Faulk             0  0  0   0  2   1  0  0  0  0  0/0    19:50   0:00   3:25 
Kyle Palmieri            0  1  1   1  0   5  4  0  0  0  1/5    20:06   2:44   0:00 
Lawson Crouse            0  0  0   0  0   1  1  0  0  0  1/1    14:39   0:00   3:46 
Phil Kessel              0  0  0   0  0   9  0  0  0  0  1/2    16:47   1:14   0:00 
Phillip Danault          0  0  0   0  0   2  1  0  0  0  20/31  20:26   1:14   3:39 
Ryan Ellis               0  0  0   1  0   1  1  1  0  0  0/0    23:17   2:44   0:00 
Scott Laughton           0  0  0   0  0   1  1  0  0  0  0/5    18:09   1:14   1:22 

Players Stats for Avalanche

Player Name              G  A  P  +/- PIM S  H  SB GA TA FO     MP     PP MP  PK MP  
------------------------------------------------------------------------------------
Adam Fox                 0  2  2  -1  0   1  3  0  0  0  0/0    22:57   2:44   1:44 
Andreas Athanasiou       0  0  0   0  0   3  0  0  0  0  0/3    19:49   2:15   0:00 
Andrew Mangiapane        0  0  0   0  0   2  0  1  0  0  0/1     9:48   0:00   0:00 
Brad Richardson          0  0  0  -1  0   0  1  1  0  0  8/17   10:34   0:00   2:45 
Casey Cizikas            0  0  0   0  0   1  0  0  0  0  6/14   10:59   0:00   1:11 
Chris Tanev              1  0  1  -1  0   1  0  1  0  0  0/0    23:10   2:44   1:54 
Dominik Kubalik          0  0  0   0  0   2  1  0  0  0  1/3    19:43   2:15   0:00 
Dylan Strome             1  0  1   0  0   1  0  0  0  0  11/22  18:42   3:29   0:00 
Jake McCabe              0  0  0   0  2   2  1  2  0  0  0/0    19:55   3:00   0:56 
Joakim Nordstrom         0  0  0  -1  0   2  0  0  0  0  2/2    10:11   0:00   2:28 
Michael Anderson         0  0  0   0  0   1  0  1  0  0  0/0    14:05   0:00   1:08 
Miles Wood               0  0  0   0  0   2  0  0  0  0  1/2     9:48   0:00   0:00 
Noah Juulsen             0  0  0   0  2   0  3  0  0  0  0/0    15:42   0:00   0:00 
Robby Fabbri             0  0  0   0  0   1  2  1  0  0  2/2    18:42   3:29   0:00 
Ryan Dzingel             0  1  1   0  0   1  1  0  0  0  0/1    19:03   3:29   0:21 
Ryan Strome              0  0  0   0  0   5  1  0  0  0  14/27  19:49   2:15   0:00 
Shayne Gostisbehere      0  0  0   0  0   2  0  2  0  0  0/0    24:09   3:00   2:14 
Tobias Rieder            0  0  0  -1  0   0  0  0  0  0  0/1     8:54   0:00   1:11 

3 Stars

1 - Frederik Andersen (COL)
2 - Adam Fox (COL)
3 - Kyle Palmieri (CHI)

Power Play

BlackHawks - 0 on 2 Attempt(s) - 0,00%
Avalanche - 2 on 5 Attempt(s) - 40,00%

Penalty Kill

BlackHawks - 3 on 5 Attempt(s) - 60,00% - Score 0 goal in Penalty Kill
Avalanche - 2 on 2 Attempt(s) - 100,00% - Score 0 goal in Penalty Kill

Team Stat

BlackHawks - Hits : 25 - Faceoff Wins : 50 - Blocked Shots : 5 - Penalty Minutes : 10
Avalanche - Hits : 13 - Faceoff Wins : 45 - Blocked Shots : 9 - Penalty Minutes : 4

Official

Referees : Jim Curtin and Brett Roeland
Linesman : Libor Suchanek and Scott Driscoll

Game Notes

No Game Note

Finance

Level 1 -- Attendance: 5729 (88,14%) -- Ticket Income 584 358 $
Level 2 -- Attendance: 5000 (100,00%) -- Ticket Income 375 000 $
Level 3 -- Attendance: 3327 (95,06%) -- Ticket Income 182 985 $
Level 4 -- Attendance: 2007 (100,00%) -- Ticket Income 90 315 $
Luxury Box -- Attendance: 1000 (100,00%) -- Ticket Income 200 000 $
Game was played at the Pepsi Center.
Total Attendance: 17063 (94,76%)
Total Ticket Income: 1 432 658 $
Other Income: 702 002 $
Total Income: 2 134 660 $

% Time on Ice - BlackHawks

Lines # - Real PCT - Wanted PCT - Time Play
Normal Forward
1 - 35% - 40% - 17:22
2 - 31% - 30% - 15:33
3 - 22% - 20% - 10:53
4 - 13% - 10% - 6:30
Normal Defense
1 - 37% - 40% - 18:50
2 - 33% - 30% - 16:26
3 - 26% - 20% - 13:19
4 - 3% - 10% - 1:43
PP Forward
1 - 69% - 60% - 2:44
2 - 31% - 40% - 1:14
PP Defense
1 - 69% - 60% - 2:44
2 - 31% - 40% - 1:14
PK Forward
1 - 76% - 60% - 4:22
2 - 24% - 40% - 1:22
PK Defense
1 - 36% - 60% - 2:05
2 - 64% - 40% - 3:39
PK3 Forward
1 - 0% - 60%
2 - 0% - 40%
PK3 Defense
1 - 0% - 60%
2 - 0% - 40%
44 Forward
1 - 0% - 60%
2 - 0% - 40%
44 Defense
1 - 0% - 60%
2 - 0% - 40%
Last Minute Offensive  - 0:00
Last Minute Defensive  - 0:00
Total
Forward - 60:00
Defense - 60:00

% Time on Ice - Avalanche

Lines # - Real PCT - Wanted PCT - Time Play
Normal Forward
1 - 35% - 35% - 17:28
2 - 30% - 30% - 15:13
3 - 20% - 20% - 9:48
4 - 15% - 15% - 7:43
Normal Defense
1 - 37% - 40% - 18:29
2 - 31% - 30% - 15:43
3 - 25% - 20% - 12:37
4 - 7% - 10% - 3:23
PP Forward
1 - 39% - 50% - 2:15
2 - 61% - 50% - 3:29
PP Defense
1 - 52% - 50% - 3:00
2 - 48% - 50% - 2:44
PK Forward
1 - 70% - 60% - 2:47
2 - 30% - 40% - 1:11
PK Defense
1 - 56% - 60% - 2:14
2 - 44% - 40% - 1:44
PK3 Forward
1 - 0% - 51%
2 - 0% - 49%
PK3 Defense
1 - 0% - 51%
2 - 0% - 49%
44 Forward
1 - 0% - 60%
2 - 0% - 40%
44 Defense
1 - 0% - 60%
2 - 0% - 40%
Last Minute Offensive  - 0:00
Last Minute Defensive  - 0:06
Total
Forward - 60:00
Defense - 60:00

Play-by-Play

1st period


0:01 of 1st period - Anze Kopitar wins face-off versus Ryan Strome in neutral zone.
0:16 of 1st period - Shot by Jaden Schwartz.
0:16 of 1st period - Stopped by Frederik Andersen without a rebound.
0:17 of 1st period - Phil Kessel wins face-off versus Dylan Strome in Avalanche zone.
0:17 of 1st period - Phil Kessel is hit by Noah Juulsen.
0:19 of 1st period - Shot by Scott Laughton.
0:19 of 1st period - Shot Misses the Net.
0:33 of 1st period - Off-side.
0:34 of 1st period - Casey Cizikas wins face-off versus Jared McCann in neutral zone.
0:37 of 1st period - Shot by Jake McCabe.
0:37 of 1st period - Stopped by Jake Allen without a rebound.
0:38 of 1st period - Curtis Lazar wins face-off versus Brad Richardson in BlackHawks zone.
0:43 of 1st period - Brad Richardson is hit by Curtis Lazar.
1:19 of 1st period - Jake McCabe is hit by Curtis Lazar and loses puck.
1:31 of 1st period - Icing by Brad Richardson.
1:32 of 1st period - Joakim Nordstrom wins face-off versus Kyle Palmieri in Avalanche zone.
1:32 of 1st period - Brad Richardson is hit by Kyle Palmieri and loses puck.
2:11 of 1st period - Shot by Dominik Kubalik.
2:11 of 1st period - Stopped by Jake Allen without a rebound.
2:12 of 1st period - Dylan Strome wins face-off versus Phillip Danault in BlackHawks zone.
2:29 of 1st period - Shot by Dylan Strome.
2:29 of 1st period - Shot Misses the Net.
2:34 of 1st period - Phillip Danault is hit by Adam Fox and loses puck.
2:41 of 1st period - Shot by Phil Kessel.
2:41 of 1st period - Stopped by Frederik Andersen without a rebound.
2:42 of 1st period - Jared McCann wins face-off versus Casey Cizikas in Avalanche zone.
2:50 of 1st period - Icing by Miles Wood.
2:51 of 1st period - Anze Kopitar wins face-off versus Casey Cizikas in Avalanche zone.
2:58 of 1st period - Shot by Jaden Schwartz.
2:58 of 1st period - Shot Misses the Net.
3:29 of 1st period - Off-side.
3:30 of 1st period - Jared McCann wins face-off versus Andreas Athanasiou in neutral zone.
3:39 of 1st period - Shot by Jared McCann.
3:39 of 1st period - Shot Misses the Net.
3:41 of 1st period - Shot by Adam Larsson.
3:41 of 1st period - Stopped by Frederik Andersen without a rebound.
3:42 of 1st period - Dylan Strome wins face-off versus Phillip Danault in Avalanche zone.
4:57 of 1st period - Icing by Jake McCabe.
4:58 of 1st period - Anze Kopitar wins face-off versus Ryan Strome in Avalanche zone.
5:01 of 1st period - Shot by Jaden Schwartz.
5:01 of 1st period - Deflect By Kyle Palmieri.
5:01 of 1st period - Stopped by Frederik Andersen with a rebound.
5:07 of 1st period - Shot by Anze Kopitar.
5:07 of 1st period - Shot Misses the Net.
5:09 of 1st period - Shot by Kyle Palmieri.
5:09 of 1st period - Shot Misses the Net.
5:11 of 1st period - Shot by Justin Faulk.
5:11 of 1st period - Shot Misses the Net.
5:13 of 1st period - Shot by Kyle Palmieri.
5:13 of 1st period - Shot Misses the Net.
5:15 of 1st period - Shot by Adam Larsson.
5:15 of 1st period - Stopped by Frederik Andersen without a rebound.
5:16 of 1st period - Casey Cizikas wins face-off versus Jared McCann in Avalanche zone.
5:28 of 1st period - Ryan Ellis is hit by Noah Juulsen and loses puck.
6:11 of 1st period - Icing by Noah Juulsen.
6:12 of 1st period - Anze Kopitar wins face-off versus Miles Wood in Avalanche zone.
6:13 of 1st period - Shot by Jaden Schwartz.
6:13 of 1st period - Shot Misses the Net.
6:38 of 1st period - Shot by Anze Kopitar.
6:38 of 1st period - Stopped by Frederik Andersen without a rebound.
6:39 of 1st period - Phillip Danault wins face-off versus Ryan Strome in Avalanche zone.
6:44 of 1st period - Shot by Phil Kessel.
6:44 of 1st period - Stopped by Frederik Andersen without a rebound.
6:45 of 1st period - Phillip Danault wins face-off versus Ryan Strome in Avalanche zone.
6:45 of 1st period - Phillip Danault is hit by Adam Fox.
6:54 of 1st period - Off-side.
6:55 of 1st period - Dylan Strome wins face-off versus Anze Kopitar in neutral zone.
7:16 of 1st period - Ryan Dzingel is hit by Adam Larsson and loses puck.
7:31 of 1st period - Shot by Ryan Dzingel.
7:31 of 1st period - Shot Misses the Net.
7:33 of 1st period - Shot by Michael Anderson.
7:33 of 1st period - Stopped by Jake Allen without a rebound.
7:34 of 1st period - Ryan Strome wins face-off versus Phillip Danault in BlackHawks zone.
7:51 of 1st period - Shot by Phil Kessel.
7:51 of 1st period - Stopped by Frederik Andersen without a rebound.
7:52 of 1st period - Brad Richardson wins face-off versus Jared McCann in Avalanche zone.
8:12 of 1st period - Shot by Lawson Crouse.
8:12 of 1st period - Stopped by Frederik Andersen without a rebound.
8:13 of 1st period - Ryan Strome wins face-off versus Phillip Danault in Avalanche zone.
8:45 of 1st period - Shot by Phil Kessel.
8:45 of 1st period - Stopped by Frederik Andersen without a rebound.
8:46 of 1st period - Anze Kopitar wins face-off versus Dylan Strome in Avalanche zone.
8:57 of 1st period - Shot by Kyle Palmieri.
8:57 of 1st period - Stopped by Frederik Andersen without a rebound.
8:58 of 1st period - Brad Richardson wins face-off versus Ivan Barbashev in Avalanche zone.
9:12 of 1st period - Minor Penalty to Noah Juulsen for Hooking.
9:13 of 1st period - Brad Richardson wins face-off versus Anze Kopitar in Avalanche zone.
9:13 of 1st period - Brad Richardson is hit by Jaden Schwartz.
9:26 of 1st period - Icing by Ryan Ellis.
9:27 of 1st period - Joakim Nordstrom wins face-off versus Kyle Palmieri in BlackHawks zone.
9:54 of 1st period - Shot by Kyle Palmieri.
9:54 of 1st period - Shot Misses the Net.
9:56 of 1st period - Shot by Erik Johnson.
9:56 of 1st period - Stopped by Frederik Andersen without a rebound.
9:57 of 1st period - Phillip Danault wins face-off versus Casey Cizikas in Avalanche zone.
10:12 of 1st period - Shot by John Marino.
10:12 of 1st period - Stopped by Frederik Andersen with a rebound.
10:24 of 1st period - Shot by John Marino.
10:24 of 1st period - Shot Misses the Net.
10:26 of 1st period - Shot by John Marino.
10:26 of 1st period - Stopped by Frederik Andersen without a rebound.
10:27 of 1st period - Brad Richardson wins face-off versus Jaden Schwartz in Avalanche zone.
10:52 of 1st period - Shot by Jaden Schwartz.
10:52 of 1st period - Shot Misses the Net.
11:58 of 1st period - Icing by Jake McCabe.
11:59 of 1st period - Phillip Danault wins face-off versus Ryan Strome in Avalanche zone.
13:50 of 1st period - Icing by Jaden Schwartz.
13:51 of 1st period - Brad Richardson wins face-off versus Anze Kopitar in BlackHawks zone.
14:10 of 1st period - Shot by Anze Kopitar.
14:10 of 1st period - Stopped by Frederik Andersen without a rebound.
14:11 of 1st period - Ryan Strome wins face-off versus Phillip Danault in Avalanche zone.
14:21 of 1st period - Shot by Ryan Strome.
14:21 of 1st period - Shot Blocked by John Marino.
14:23 of 1st period - Shot by Ryan Strome.
14:23 of 1st period - Stopped by Jake Allen without a rebound.
14:24 of 1st period - Jared McCann wins face-off versus Brad Richardson in BlackHawks zone.
15:00 of 1st period - Joakim Nordstrom is hit by Erik Johnson and loses puck.
15:15 of 1st period - Shot by Andreas Athanasiou.
15:15 of 1st period - Shot Hit the Post.
15:17 of 1st period - Shot by Ryan Strome.
15:17 of 1st period - Shot Misses the Net.
15:19 of 1st period - Shot by Dominik Kubalik.
15:19 of 1st period - Stopped by Jake Allen without a rebound.
15:20 of 1st period - Dylan Strome wins face-off versus Anze Kopitar in BlackHawks zone.
15:44 of 1st period - Shot by Dylan Strome.
15:44 of 1st period - Shot Misses the Net.
15:54 of 1st period - Shot by Anze Kopitar.
15:54 of 1st period - Stopped by Frederik Andersen without a rebound.
15:55 of 1st period - Phillip Danault wins face-off versus Ryan Strome in Avalanche zone.
17:21 of 1st period - Icing by Shayne Gostisbehere.
17:22 of 1st period - Casey Cizikas wins face-off versus Anze Kopitar in Avalanche zone.
17:26 of 1st period - Shayne Gostisbehere is hit by Erik Johnson and loses puck.
17:39 of 1st period - Jake McCabe is hit by Kyle Palmieri and loses puck.
17:58 of 1st period - Robby Fabbri is hit by Kyle Palmieri and loses puck.
18:04 of 1st period - Off-side.
18:05 of 1st period - Jared McCann wins face-off versus Dominik Kubalik in neutral zone.
18:19 of 1st period - Icing by Adam Larsson.
18:20 of 1st period - Jared McCann wins face-off versus Brad Richardson in BlackHawks zone.
18:30 of 1st period - Icing by Justin Faulk.
18:31 of 1st period - Ryan Strome wins face-off versus Jared McCann in BlackHawks zone.
19:24 of 1st period - Shot by Jaden Schwartz.
19:24 of 1st period - Shot Blocked by Shayne Gostisbehere.
Goals for this period are 0 for BlackHawks vs 0 for Avalanche.
Shots for this period are 16 for BlackHawks vs 5 for Avalanche.

2nd period


0:01 of 2nd period - Dylan Strome wins face-off versus Anze Kopitar in neutral zone.
0:16 of 2nd period - Shot by Kyle Palmieri.
0:16 of 2nd period - Stopped by Frederik Andersen with a rebound.
0:42 of 2nd period - Shot by Anze Kopitar.
0:42 of 2nd period - Shot Blocked by Robby Fabbri.
1:00 of 2nd period - Shayne Gostisbehere is hit by Scott Laughton and loses puck.
1:17 of 2nd period - Shot by Phillip Danault.
1:17 of 2nd period - Stopped by Frederik Andersen without a rebound.
1:18 of 2nd period - Curtis Lazar wins face-off versus Casey Cizikas in Avalanche zone.
2:25 of 2nd period - Shot by Jared McCann.
2:25 of 2nd period - Shot Blocked by Jake McCabe.
2:36 of 2nd period - Shot by Ryan Ellis.
2:36 of 2nd period - Shot Blocked by Andrew Mangiapane.
2:53 of 2nd period - Icing by Ryan Ellis.
2:54 of 2nd period - Dominik Kubalik wins face-off versus Jared McCann in BlackHawks zone.
2:59 of 2nd period - Shot by Chris Tanev.
2:59 of 2nd period - Shot Misses the Net.
3:01 of 2nd period - Shot by Chris Tanev.
3:01 of 2nd period - Shot Blocked by Jake Virtanen.
3:03 of 2nd period - Shot by Ryan Strome.
3:03 of 2nd period - Stopped by Jake Allen without a rebound.
3:04 of 2nd period - Dylan Strome wins face-off versus Anze Kopitar in BlackHawks zone.
3:41 of 2nd period - Shot by Ryan Dzingel.
3:41 of 2nd period - Stopped by Jake Allen with a rebound.
4:07 of 2nd period - Shot by Ryan Strome.
4:07 of 2nd period - Shot Misses the Net.
4:55 of 2nd period - Shot by Ryan Ellis.
4:55 of 2nd period - Stopped by Frederik Andersen without a rebound.
4:56 of 2nd period - Brad Richardson wins face-off versus Jared McCann in Avalanche zone.
4:56 of 2nd period - Brad Richardson is hit by Lawson Crouse.
4:57 of 2nd period - Minor Penalty to Jared McCann for High sticking.
4:58 of 2nd period - Phillip Danault wins face-off versus Dylan Strome in BlackHawks zone.
5:31 of 2nd period - Shot by Shayne Gostisbehere.
5:31 of 2nd period - Deflect By Robby Fabbri.
5:31 of 2nd period - Shot Misses the Net.
5:33 of 2nd period - Shot by Jake McCabe.
5:33 of 2nd period - Stopped by Jake Allen without a rebound.
5:34 of 2nd period - Ryan Strome wins face-off versus Scott Laughton in BlackHawks zone.
5:56 of 2nd period - Icing by Dominik Kubalik.
5:57 of 2nd period - Phillip Danault wins face-off versus Ryan Strome in Avalanche zone.
6:27 of 2nd period - Shot by Robby Fabbri.
6:27 of 2nd period - Stopped by Jake Allen without a rebound.
6:28 of 2nd period - Dylan Strome wins face-off versus Scott Laughton in BlackHawks zone.
7:22 of 2nd period - Shot by Jaden Schwartz.
7:22 of 2nd period - Goal by Jaden Schwartz - BlackHawks : 1 - Avalanche : 0.
7:23 of 2nd period - Casey Cizikas wins face-off versus Curtis Lazar in neutral zone.
7:25 of 2nd period - Andrew Mangiapane is hit by Denis Malgin and loses puck.
7:32 of 2nd period - Shayne Gostisbehere is hit by Brandon Carlo.
7:43 of 2nd period - Shayne Gostisbehere is hit by Curtis Lazar and loses puck.
7:47 of 2nd period - Shayne Gostisbehere is hit by Brandon Carlo and loses puck.
7:50 of 2nd period - Shot by Casey Cizikas.
7:50 of 2nd period - Stopped by Jake Allen without a rebound.
7:51 of 2nd period - Anze Kopitar wins face-off versus Ryan Strome in BlackHawks zone.
7:58 of 2nd period - Shot by Anze Kopitar.
7:58 of 2nd period - Shot Misses the Net.
8:16 of 2nd period - Shot by Dominik Kubalik.
8:16 of 2nd period - Deflect By Ryan Strome.
8:16 of 2nd period - Stopped by Jake Allen without a rebound.
8:17 of 2nd period - Phillip Danault wins face-off versus Dylan Strome in BlackHawks zone.
8:17 of 2nd period - Phillip Danault is hit by Ryan Dzingel.
8:24 of 2nd period - Icing by Ryan Ellis.
8:25 of 2nd period - Phillip Danault wins face-off versus Dylan Strome in BlackHawks zone.
8:34 of 2nd period - Shot by Scott Laughton.
8:34 of 2nd period - Deflect By Phil Kessel.
8:34 of 2nd period - Stopped by Frederik Andersen without a rebound.
8:35 of 2nd period - Anze Kopitar wins face-off versus Ryan Strome in Avalanche zone.
8:50 of 2nd period - Shot by Jaden Schwartz.
8:50 of 2nd period - Shot Misses the Net.
8:52 of 2nd period - Shot by Anze Kopitar.
8:52 of 2nd period - Stopped by Frederik Andersen without a rebound.
8:53 of 2nd period - Dylan Strome wins face-off versus Phillip Danault in Avalanche zone.
9:22 of 2nd period - Shot by Phil Kessel.
9:22 of 2nd period - Stopped by Frederik Andersen with a rebound.
9:32 of 2nd period - Shot by Scott Laughton.
9:32 of 2nd period - Shot Blocked by Chris Tanev.
9:46 of 2nd period - Shot by Anze Kopitar.
9:46 of 2nd period - Shot Misses the Net.
9:48 of 2nd period - Shot by Kyle Palmieri.
9:48 of 2nd period - Stopped by Frederik Andersen without a rebound.
9:49 of 2nd period - Ryan Strome wins face-off versus Jared McCann in Avalanche zone.
10:28 of 2nd period - Shot by Dominik Kubalik.
10:28 of 2nd period - Shot Misses the Net.
11:59 of 2nd period - Minor Penalty to Justin Faulk for Tripping.
12:00 of 2nd period - Phillip Danault wins face-off versus Dylan Strome in BlackHawks zone.
12:13 of 2nd period - Shot by Dylan Strome.
12:13 of 2nd period - Goal by Dylan Strome - BlackHawks : 1 - Avalanche : 1.
12:14 of 2nd period - Curtis Lazar wins face-off versus Andreas Athanasiou in neutral zone.
12:30 of 2nd period - Shot by Adam Larsson.
12:30 of 2nd period - Stopped by Frederik Andersen with a rebound.
13:17 of 2nd period - Shot by Phillip Danault.
13:17 of 2nd period - Deflect By Phil Kessel.
13:17 of 2nd period - Shot Misses the Net.
13:19 of 2nd period - Shot by Phillip Danault.
13:19 of 2nd period - Shot Misses the Net.
13:42 of 2nd period - Shot by Phillip Danault.
13:42 of 2nd period - Shot Misses the Net.
13:44 of 2nd period - Shot by Phil Kessel.
13:44 of 2nd period - Stopped by Frederik Andersen without a rebound.
13:45 of 2nd period - Kyle Palmieri wins face-off versus Andrew Mangiapane in Avalanche zone.
15:35 of 2nd period - Icing by Jake Virtanen.
15:36 of 2nd period - Jared McCann wins face-off versus Dylan Strome in BlackHawks zone.
16:00 of 2nd period - Minor Penalty to Adam Larsson for Tripping.
16:01 of 2nd period - Phillip Danault wins face-off versus Dylan Strome in BlackHawks zone.
16:28 of 2nd period - Shot by Justin Faulk.
16:28 of 2nd period - Stopped by Frederik Andersen without a rebound.
16:29 of 2nd period - Lawson Crouse wins face-off versus Andreas Athanasiou in Avalanche zone.
16:42 of 2nd period - Shot by Andreas Athanasiou.
16:42 of 2nd period - Shot Misses the Net.
16:44 of 2nd period - Shot by Adam Fox.
16:44 of 2nd period - Stopped by Jake Allen without a rebound.
16:45 of 2nd period - Phillip Danault wins face-off versus Ryan Strome in BlackHawks zone.
16:50 of 2nd period - Shot by Adam Fox.
16:50 of 2nd period - Shot Misses the Net.
16:52 of 2nd period - Shot by Chris Tanev.
16:52 of 2nd period - Goal by Chris Tanev - BlackHawks : 1 - Avalanche : 2.
16:53 of 2nd period - Anze Kopitar wins face-off versus Brad Richardson in neutral zone.
17:18 of 2nd period - Shot by Kyle Palmieri.
17:18 of 2nd period - Shot Blocked by Jake McCabe.
17:27 of 2nd period - Icing by Michael Anderson.
17:28 of 2nd period - Curtis Lazar wins face-off versus Brad Richardson in Avalanche zone.
17:39 of 2nd period - Shot by Ivan Barbashev.
17:39 of 2nd period - Stopped by Frederik Andersen without a rebound.
17:40 of 2nd period - Ryan Strome wins face-off versus Phillip Danault in Avalanche zone.
17:56 of 2nd period - Ryan Strome is hit by Adam Larsson and loses puck.
18:09 of 2nd period - Shot by Phillip Danault.
18:09 of 2nd period - Deflect By Scott Laughton.
18:09 of 2nd period - Stopped by Frederik Andersen with a rebound.
18:11 of 2nd period - Shot by Justin Faulk.
18:11 of 2nd period - Shot Misses the Net.
18:13 of 2nd period - Shot by Adam Larsson.
18:13 of 2nd period - Stopped by Frederik Andersen without a rebound.
18:14 of 2nd period - Dylan Strome wins face-off versus Kyle Palmieri in Avalanche zone.
18:14 of 2nd period - Dylan Strome is hit by Kyle Palmieri.
18:17 of 2nd period - Shayne Gostisbehere is hit by Jaden Schwartz and loses puck.
18:26 of 2nd period - Shot by Anze Kopitar.
18:26 of 2nd period - Stopped by Frederik Andersen without a rebound.
18:27 of 2nd period - Jared McCann wins face-off versus Casey Cizikas in Avalanche zone.
18:29 of 2nd period - Minor Penalty to Jake McCabe for Interference.
18:30 of 2nd period - Anze Kopitar wins face-off versus Brad Richardson in Avalanche zone.
Goals for this period are 1 for BlackHawks vs 2 for Avalanche.
Shots for this period are 15 for BlackHawks vs 9 for Avalanche.

3rd period


0:01 of 3rd period - Brad Richardson wins face-off versus Anze Kopitar in neutral zone.
0:06 of 3rd period - Icing by Anze Kopitar.
0:07 of 3rd period - Anze Kopitar wins face-off versus Brad Richardson in BlackHawks zone.
0:59 of 3rd period - Icing by Phillip Danault.
1:00 of 3rd period - Ryan Strome wins face-off versus Phil Kessel in BlackHawks zone.
1:05 of 3rd period - Shot by Andreas Athanasiou.
1:05 of 3rd period - Stopped by Jake Allen without a rebound.
1:06 of 3rd period - Anze Kopitar wins face-off versus Ryan Strome in BlackHawks zone.
1:45 of 3rd period - Shot by Ryan Strome.
1:45 of 3rd period - Stopped by Jake Allen with a rebound.
2:02 of 3rd period - Icing by Chris Tanev.
2:03 of 3rd period - Phillip Danault wins face-off versus Dylan Strome in Avalanche zone.
2:40 of 3rd period - Robby Fabbri is hit by Phillip Danault and loses puck.
3:24 of 3rd period - Icing by Shayne Gostisbehere.
3:25 of 3rd period - Anze Kopitar wins face-off versus Casey Cizikas in Avalanche zone.
3:25 of 3rd period - Anze Kopitar is hit by Jake McCabe.
3:27 of 3rd period - Shot by Jaden Schwartz.
3:27 of 3rd period - Shot Blocked by Shayne Gostisbehere.
3:44 of 3rd period - Miles Wood is hit by Erik Johnson and loses puck.
3:49 of 3rd period - Shot by Miles Wood.
3:49 of 3rd period - Stopped by Jake Allen with a rebound.
3:57 of 3rd period - Shot by Andrew Mangiapane.
3:57 of 3rd period - Shot Misses the Net.
4:23 of 3rd period - Off-side.
4:24 of 3rd period - Phillip Danault wins face-off versus Brad Richardson in neutral zone.
4:37 of 3rd period - Shot by Joakim Nordstrom.
4:37 of 3rd period - Stopped by Jake Allen with a rebound.
4:52 of 3rd period - Shot by Phil Kessel.
4:52 of 3rd period - Stopped by Frederik Andersen with a rebound.
5:21 of 3rd period - Icing by Jake McCabe.
5:22 of 3rd period - Ryan Strome wins face-off versus Jake Virtanen in Avalanche zone.
5:29 of 3rd period - Shot by Lawson Crouse.
5:29 of 3rd period - Shot Misses the Net.
5:47 of 3rd period - Shot by Dominik Kubalik.
5:47 of 3rd period - Shot Misses the Net.
6:04 of 3rd period - Icing by Erik Johnson.
6:05 of 3rd period - Jared McCann wins face-off versus Dylan Strome in BlackHawks zone.
6:25 of 3rd period - Brandon Carlo is hit by Adam Fox and loses puck.
6:41 of 3rd period - Brandon Carlo is hit by Robby Fabbri and loses puck.
7:03 of 3rd period - Icing by Noah Juulsen.
7:04 of 3rd period - Phillip Danault wins face-off versus Casey Cizikas in Avalanche zone.
7:05 of 3rd period - Shot by Adam Larsson.
7:05 of 3rd period - Stopped by Frederik Andersen without a rebound.
7:06 of 3rd period - Ryan Strome wins face-off versus Phillip Danault in Avalanche zone.
7:28 of 3rd period - Shot by Scott Laughton.
7:28 of 3rd period - Shot Misses the Net.
7:30 of 3rd period - Shot by Adam Larsson.
7:30 of 3rd period - Shot Blocked by Michael Anderson.
7:38 of 3rd period - Shot by Phillip Danault.
7:38 of 3rd period - Shot Misses the Net.
7:40 of 3rd period - Shot by Phil Kessel.
7:40 of 3rd period - Stopped by Frederik Andersen without a rebound.
7:41 of 3rd period - Robby Fabbri wins face-off versus Curtis Lazar in Avalanche zone.
7:58 of 3rd period - Shot by Ivan Barbashev.
7:58 of 3rd period - Shot Misses the Net.
8:39 of 3rd period - Icing by Noah Juulsen.
8:40 of 3rd period - Miles Wood wins face-off versus Anze Kopitar in Avalanche zone.
8:50 of 3rd period - Shot by Miles Wood.
8:50 of 3rd period - Shot Misses the Net.
8:52 of 3rd period - Shot by Shayne Gostisbehere.
8:52 of 3rd period - Stopped by Jake Allen with a rebound.
9:05 of 3rd period - Shot by Miles Wood.
9:05 of 3rd period - Stopped by Jake Allen without a rebound.
9:06 of 3rd period - Ryan Strome wins face-off versus Phillip Danault in BlackHawks zone.
9:19 of 3rd period - Shot by Dominik Kubalik.
9:19 of 3rd period - Deflect By Andreas Athanasiou.
9:19 of 3rd period - Shot Blocked by John Marino.
9:21 of 3rd period - Shot by Ryan Strome.
9:21 of 3rd period - Stopped by Jake Allen without a rebound.
9:22 of 3rd period - Brad Richardson wins face-off versus Jared McCann in BlackHawks zone.
9:52 of 3rd period - Justin Faulk is hit by Brad Richardson and loses puck.
10:23 of 3rd period - Shot by Dominik Kubalik.
10:23 of 3rd period - Shot Misses the Net.
10:29 of 3rd period - Shot by Shayne Gostisbehere.
10:29 of 3rd period - Shot Blocked by Adam Larsson.
10:31 of 3rd period - Shot by Andreas Athanasiou.
10:31 of 3rd period - Stopped by Jake Allen without a rebound.
10:32 of 3rd period - Anze Kopitar wins face-off versus Ryan Dzingel in BlackHawks zone.
10:49 of 3rd period - Dylan Strome is hit by Jaden Schwartz and loses puck.
11:02 of 3rd period - Shot by Jaden Schwartz.
11:02 of 3rd period - Shot Misses the Net.
11:04 of 3rd period - Shot by Anze Kopitar.
11:04 of 3rd period - Stopped by Frederik Andersen without a rebound.
11:05 of 3rd period - Phillip Danault wins face-off versus Ryan Strome in Avalanche zone.
11:25 of 3rd period - Brandon Carlo is hit by Dominik Kubalik.
12:57 of 3rd period - Shot by Jaden Schwartz.
12:57 of 3rd period - Shot Misses the Net.
13:54 of 3rd period - Shot by Andrew Mangiapane.
13:54 of 3rd period - Stopped by Jake Allen without a rebound.
13:55 of 3rd period - Phillip Danault wins face-off versus Brad Richardson in BlackHawks zone.
14:09 of 3rd period - Shot by Brad Richardson.
14:09 of 3rd period - Shot Misses the Net.
14:11 of 3rd period - Shot by Tobias Rieder.
14:11 of 3rd period - Shot Blocked by Ryan Ellis.
14:13 of 3rd period - Shot by Joakim Nordstrom.
14:13 of 3rd period - Stopped by Jake Allen without a rebound.
14:14 of 3rd period - Jared McCann wins face-off versus Casey Cizikas in BlackHawks zone.
14:25 of 3rd period - Shot by Jared McCann.
14:25 of 3rd period - Stopped by Frederik Andersen without a rebound.
14:26 of 3rd period - Phillip Danault wins face-off versus Tobias Rieder in Avalanche zone.
14:27 of 3rd period - Shot by Phil Kessel.
14:27 of 3rd period - Shot Blocked by Brad Richardson.
14:44 of 3rd period - Icing by Erik Johnson.
14:45 of 3rd period - Phillip Danault wins face-off versus Dylan Strome in BlackHawks zone.
14:45 of 3rd period - Phillip Danault is hit by Robby Fabbri.
14:57 of 3rd period - Shot by Phillip Danault.
14:57 of 3rd period - Shot Misses the Net.
14:59 of 3rd period - Shot by Ryan Ellis.
14:59 of 3rd period - Shot Misses the Net.
15:01 of 3rd period - Shot by Phillip Danault.
15:01 of 3rd period - Shot Misses the Net.
15:03 of 3rd period - Shot by Phillip Danault.
15:03 of 3rd period - Stopped by Frederik Andersen without a rebound.
15:04 of 3rd period - Casey Cizikas wins face-off versus Kyle Palmieri in Avalanche zone.
15:08 of 3rd period - Minor Penalty to Jaden Schwartz for Slashing.
15:09 of 3rd period - Robby Fabbri wins face-off versus Phillip Danault in BlackHawks zone.
16:02 of 3rd period - Shot by Shayne Gostisbehere.
16:02 of 3rd period - Stopped by Jake Allen without a rebound.
16:03 of 3rd period - Ryan Strome wins face-off versus Scott Laughton in BlackHawks zone.
16:30 of 3rd period - Shot by Andreas Athanasiou.
16:30 of 3rd period - Stopped by Jake Allen without a rebound.
16:31 of 3rd period - Dylan Strome wins face-off versus Phillip Danault in BlackHawks zone.
17:04 of 3rd period - Icing by Adam Fox.
17:05 of 3rd period - Dylan Strome wins face-off versus Scott Laughton in Avalanche zone.
17:11 of 3rd period - Noah Juulsen is hit by Anze Kopitar and loses puck.
17:18 of 3rd period - Shot by Kyle Palmieri.
17:18 of 3rd period - Stopped by Frederik Andersen without a rebound.
17:19 of 3rd period - Casey Cizikas wins face-off versus Curtis Lazar in Avalanche zone.
17:36 of 3rd period - Shot by Andrew Mangiapane.
17:36 of 3rd period - Stopped by Jake Allen without a rebound.
17:37 of 3rd period - Anze Kopitar wins face-off versus Dominik Kubalik in BlackHawks zone.
17:41 of 3rd period - Jaden Schwartz is hit by Ryan Strome and loses puck.
18:08 of 3rd period - Icing by Andreas Athanasiou.
18:09 of 3rd period - Phillip Danault wins face-off versus Ryan Strome in Avalanche zone.
18:09 of 3rd period - Phillip Danault is hit by Noah Juulsen.
18:24 of 3rd period - Andreas Athanasiou is hit by Ryan Ellis and loses puck.
18:46 of 3rd period - Dylan Strome is hit by Erik Johnson and loses puck.
18:54 of 3rd period - Robby Fabbri is hit by Erik Johnson and loses puck.
19:16 of 3rd period - Icing by Erik Johnson.
19:17 of 3rd period - Ryan Strome wins face-off versus Scott Laughton in BlackHawks zone.
19:19 of 3rd period - Minor Penalty to Erik Johnson for Hooking.
19:20 of 3rd period - Ryan Strome wins face-off versus Ivan Barbashev in BlackHawks zone.
Goals for this period are 0 for BlackHawks vs 0 for Avalanche.
Shots for this period are 7 for BlackHawks vs 13 for Avalanche.